 Dungeon Crawl Stone Soup version 0.21.1-1-g345015f (webtiles) character file.

120 vatarom the Charlatan (level 5, 37/40 HPs)
             Began as a Gnoll Artificer on Apr 7, 2018.
             Quit the game on level 2 of the Dungeon.
             The game lasted 00:03:38 (1581 turns).

vatarom the Charlatan (Gnoll Artificer)             Turns: 1581, Time: 00:03:38

Health: 37/40      AC:  5    Str: 15    XL:     5   Next: 4%
Magic:  9/9        EV: 14    Int: 16    God:
Gold:   77         SH:  0    Dex: 15    Spells: 6/6 levels left

rFire    + . .     SeeInvis .   a - +0 short sword
rCold    . . .     Gourm    .   (no shield)
rNeg     . . .     Faith    .   b - +0 leather armour
rPois    .         Spirit   .   (no helmet)
rElec    .         Reflect  .   (no cloak)
rCorr    .         Harm     .   i - +1 pair of gloves
MR       .....                  (no boots)
Stlth    ++........             (no amulet)
HPRegen  0.13/turn              k - +2 ring of intelligence
MPRegen  0.11/turn              o - ring of protection from fire

@: no status effects
A: distributed training, fangs 1, strong nose
a: no special abilities


You were on level 2 of the Dungeon.
You were not hungry.

You visited 1 branch of the dungeon, and saw 2 of its levels.

You collected 77 gold pieces.

Inventory:

Hand Weapons
 a - a +0 short sword (weapon)
Armour
 b - a +0 leather armour (worn)
 i - a +1 pair of gloves (worn)
Jewellery
 k - a +2 ring of intelligence (left hand)
 o - a ring of protection from fire (right hand)
Wands
 c - a wand of flame (6)
 d - a wand of enslavement (14)
 e - a wand of random effects (14)
Scrolls
 g - a scroll of blinking
 h - a scroll of teleportation {unknown}
 j - 5 scrolls of remove curse
 m - a scroll of immolation {unknown}
 r - 2 scrolls of identify
Potions
 l - a potion of magic {unknown}
 n - a potion of might
 p - a potion of lignification
 q - a potion of degeneration {unknown}
Comestibles
 f - a ration
 s - 7 chunks of flesh


   Skills:
 + Level 2.8 Fighting
 + Level 2.8 Short Blades
 + Level 1.3 Long Blades
 + Level 1.3 Axes
 + Level 1.3 Maces & Flails
 + Level 1.3 Polearms
 + Level 1.3 Staves
 + Level 1.3 Slings
 + Level 1.3 Bows
 + Level 1.3 Crossbows
 + Level 1.3 Throwing
 + Level 1.3 Armour
 + Level 4.7 Dodging
 + Level 2.6 Stealth
 + Level 1.3 Shields
 + Level 1.3 Unarmed Combat
 + Level 1.3 Spellcasting
 + Level 1.0 Conjurations
 + Level 1.0 Hexes
 + Level 1.0 Charms
 + Level 1.0 Summonings
 + Level 1.0 Necromancy
 + Level 1.0 Translocations
 + Level 1.0 Transmutations
 + Level 1.0 Fire Magic
 + Level 1.0 Ice Magic
 + Level 1.0 Air Magic
 + Level 1.0 Earth Magic
 + Level 1.0 Poison Magic
 + Level 1.4 Invocations
 + Level 6.6 Evocations


You had 6 spell levels left.
You didn't know any spells.

Dungeon Overview and Level Annotations

Branches:
Dungeon (2/15)

Altars:
Dithmenos


Innate Abilities, Weirdness & Mutations

Your experience applies equally to all skills.
You have very sharp teeth.
Your uncanny sense of smell can sniff out nearby items.


Message History

You hit the giant cockroach.
You kill the giant cockroach!
Items here: ) ††† a whip; a giant cockroach corpse; a worm corpse; a kobold corpse Butcher a giant cockroach corpse? [(y)es/(c)hoosy/(n)o/(a)ll/(e)dible/(q)uit/?]
There isn't anything edible to butcher here.
You butcher the giant cockroach corpse.
You butcher the worm corpse.
s - 7 chunks of flesh (gained 2);
s - 10 chunks of flesh (gained 3)
Things that are here:
a whip; a kobold corpse Unknown command.
You start resting.
You start resting.
Some of the chunks of flesh in your inventory have rotted away.
You start resting.
Some of the chunks of flesh in your inventory have rotted away.
A goblin comes into view. It is wielding a dagger.
Unknown command.
Are you sure you want to abandon this character and quit the game? (Confirm with "yes".)

##..###..##....#......##........#
.... ##.....###.......... .#..
##...#..##.## #........ ...
........##.# ....... ..#
##.#####...# <...... #.
#.........# ..g.... ###)......#
....... #.......#######.......
#.......##...@...#
#..........#####># #.......#### #
#.......# #.......# ∆ ∆ #.......#
#########


You could see a goblin (wandering).

Vanquished Creatures
  3 gnolls (D:2)
  3 adders (D:2)
  2 oozes (D:1)
  A worm (D:2)
  2 dart slugs
  2 leopard geckos (D:2)
  4 giant cockroaches
  5 goblins
  A hobgoblin (D:2)
  2 jackals (D:1)
  2 bats
  3 frilled lizards (D:1)
  6 kobolds
  6 rats
42 creatures vanquished.

Vanquished Creatures (others)
  A gnoll (D:2)
  A goblin (D:1)
  A kobold (D:1)
3 creatures vanquished.

Grand Total: 45 creatures vanquished

Notes
Turn   | Place    | Note
-------+----------+-------------------------------------------
     0 | D:1      | vatarom the Gnoll Artificer began the quest for the Orb.
     0 | D:1      | Reached XP level 1. HP: 17/17 MP: 4/4
    55 | D:1      | Reached XP level 2. HP: 15/23 MP: 6/6
   398 | D:1      | Reached XP level 3. HP: 21/28 MP: 7/7
   812 | D:2      | Reached skill level 1 in Invocations
   874 | D:2      | Reached skill level 1 in Long Blades
   874 | D:2      | Reached skill level 1 in Axes
   874 | D:2      | Reached skill level 1 in Maces & Flails
   874 | D:2      | Reached skill level 1 in Polearms
   874 | D:2      | Reached skill level 1 in Staves
   874 | D:2      | Reached skill level 1 in Slings
   874 | D:2      | Reached skill level 1 in Bows
   874 | D:2      | Reached skill level 1 in Crossbows
   874 | D:2      | Reached skill level 1 in Throwing
   874 | D:2      | Reached skill level 1 in Armour
   874 | D:2      | Reached skill level 1 in Shields
   874 | D:2      | Reached skill level 1 in Unarmed Combat
   874 | D:2      | Reached skill level 1 in Spellcasting
   874 | D:2      | Reached XP level 4. HP: 22/34 MP: 8/8
  1294 | D:2      | Reached skill level 1 in Conjurations
  1294 | D:2      | Reached skill level 1 in Hexes
  1294 | D:2      | Reached skill level 1 in Charms
  1294 | D:2      | Reached skill level 1 in Summonings
  1294 | D:2      | Reached skill level 1 in Necromancy
  1294 | D:2      | Reached skill level 1 in Translocations
  1294 | D:2      | Reached skill level 1 in Transmutations
  1294 | D:2      | Reached skill level 1 in Fire Magic
  1294 | D:2      | Reached skill level 1 in Ice Magic
  1294 | D:2      | Reached skill level 1 in Air Magic
  1294 | D:2      | Reached skill level 1 in Earth Magic
  1294 | D:2      | Reached skill level 1 in Poison Magic
  1311 | D:2      | Found a shadowy altar of Dithmenos.
  1422 | D:2      | Reached XP level 5. HP: 27/40 MP: 9/9
  1581 | D:2      | Quit the game

Skill      XL: |  1  2  3  4 |
---------------+-------------+-----
Invocations    | 1 |  1.4
Long Blades    | 1 |  1.3
Axes           | 1 |  1.3
Maces & Flails | 1 |  1.3
Polearms       | 1 |  1.3
Staves         | 1 |  1.3
Slings         | 1 |  1.3
Bows           | 1 |  1.3
Crossbows      | 1 |  1.3
Throwing       | 1 |  1.3
Armour         | 1 |  1.3
Shields        | 1 |  1.3
Unarmed Combat | 1 |  1.3
Spellcasting   | 1 |  1.3
Conjurations   | 1 |  1.0
Hexes          | 1 |  1.0
Charms         | 1 |  1.0
Summonings     | 1 |  1.0
Necromancy     | 1 |  1.0
Translocations | 1 |  1.0
Transmutations | 1 |  1.0
Fire Magic     | 1 |  1.0
Ice Magic      | 1 |  1.0
Air Magic      | 1 |  1.0
Earth Magic    | 1 |  1.0
Poison Magic   | 1 |  1.0
Fighting       | |  2.8
Short Blades   | |  2.8
Dodging        | |  4.7
Stealth        | |  2.6
Evocations     | |  6.6

Action                   |  1- 3 |  4- 6 || total
-------------------------+-------+-------++-------
Melee: Short sword       |    97 |    75 ||   172
       Bite              |     9 |     8 ||    17
       Punch             |       |     1 ||     1
Evoke: Wand              |     6 |     5 ||    11
  Use: Scroll            |     4 |       ||     4
 Stab: Sleeping          |     1 |       ||     1
  Eat: Chunk             |       |     2 ||     2
Armor: Leather armour    |    20 |    14 ||    34
Dodge: Dodged            |    61 |    48 ||   109
